 Dungeon Crawl Stone Soup version 0.24-a0-443-g80245de385 (webtiles) character file.

Game seed: 15046416277514524337

22 ivs the Sneak (level 2, 0/13 HPs)
             Began as a Vine Stalker Enchanter on June 22, 2019.
             Slain by an orc
             ... wielding a +1 dagger of electrocution
              (2 damage)
             ... on level 4 of the Dungeon.
             The game lasted 00:05:59 (402 turns).

ivs the Sneak (Vine Stalker Enchanter)               Turns: 402, Time: 00:05:59

Health: 0/13       AC:  3    Str: 10    XL:     2   Next: 91%
Magic:  0/6        EV: 12    Int: 15    God:
Gold:   81         SH:  0    Dex: 14    Spells: 2/5 levels left

rFire    . . .     SeeInvis .   a - +1 dagger
rCold    + . .     Gourm    .   (no shield)
rNeg     . . .     Faith    .   b - +0 robe
rPois    .         Spirit   +   (no helmet)
rElec    +         Reflect  .   (no cloak)
rCorr    .         Harm     .   h - +0 pair of gloves
MR       .....                  (no boots)
Stlth    +++.......             (no amulet)
HPRegen  0.04/turn              I - ring of ice
MPRegen  0.10/turn              (no ring)

@: no status effects
A: fangs 2, fire resistance 1, electricity resistance, magic shield, antimagic
bite, no potion heal 3, rot immunity
a: no special abilities


You were on level 4 of the Dungeon.
You were not hungry.

You visited 1 branch of the dungeon, and saw 4 of its levels.

You collected 81 gold pieces.

Inventory:

Hand Weapons
 a - a +1 dagger (weapon)
 i - a cursed -1 rapier
Armour
 b - a +0 robe (worn)
 h - a +0 pair of gloves (worn)
Jewellery
 I - a ring of ice (left hand)
Scrolls
 c - 3 scrolls of identify {unknown}
 f - 2 scrolls of amnesia {unknown}
 g - a scroll of remove curse
Comestibles
 d - a ration


   Skills:
 - Level 1.0 Short Blades
 - Level 1.5 Dodging
 - Level 3.9 Stealth
 + Level 2.4 Spellcasting
 + Level 3.4 Hexes
 + Level 0.8 Ice Magic


You had 2 spell levels left.
You knew the following spells:

 Your Spells              Type           Power        Failure   Level  Hunger
a - Corona                Hex            ##.....      5%          1    #......
h - Ensorcelled Hibernat  Hex/Ice        ##....       13%         2    ###....

Your spell library contained the following spells:

 Spells                   Type           Power        Failure   Level  Hunger
 Confuse                  Hex            ##......     16%         3    ###....
 Tukima's Dance           Hex            ##......     16%         3    ###....
 Dazzling Spray           Conj/Hex       #.....       32%         3    ###....


Dungeon Overview and Level Annotations

Branches:
Dungeon (3/15)

Altars:


Innate Abilities, Weirdness & Mutations

You have extremely sharp teeth.
When hurt, damage is shared between your health and your magic reserves.
Your bite disrupts and absorbs the magic of your enemies.
Potions cannot restore your health.
You are immune to rotting.
Your flesh is heat resistant. (rF+)
You are resistant to electric shocks. (rElec)


Message History

The orc is heavily wounded.
The orc hits you with a +0 club.
* * * LOW HITPOINT WARNING * * *
You hit the orc.
You kill the orc!
An orc comes into view.
It is wielding a +1 dagger of electrocution.
An orc comes into view. It is wielding a +0 club.
As you read the scroll labeled TYSEIZO JUTIR, it crumbles to dust.
The creatures around you are filled with an inner flame!
It was a scroll of immolation.
The orc hits you.
Okay, then.
Okay, then.
It was a potion of mutation.
You feel extremely strange.
You feel insulated.
You feel resistant to heat. The orc closely misses you. x2
As you read the scroll labeled SEUMON XOIGU, it crumbles to dust.
You feel blessed for a moment.
It was a scroll of remove curse.
The orc barely misses you.
The orc hits you with a +1 dagger of electrocution.
You die...

## .. ####.#
##..#.#
##.....##
#..o♣...##
#.@P.PP..#
##o......##
#.........
#..#..####
#.###.# #.#
.# #.# . #.#
#
#)########..#


You could see 2 orcs.

Vanquished Creatures
  An ooze (D:2)
  A leopard gecko (D:2)
  An orc (D:4)
  2 bats (D:1)
  A giant cockroach (D:2)
  2 goblins (D:1)
  2 hobgoblins (D:2)
  2 frilled lizards (D:2)
  2 kobolds
  2 rats (D:1)
16 creatures vanquished.

Notes
Turn   | Place    | Note
-------+----------+-------------------------------------------
     0 | D:1      | ivs the Vine Stalker Enchanter began the quest for the Orb.
     0 | D:1      | Reached XP level 1. HP: 9/9 MP: 4/4
    16 | D:1      | Reached skill level 1 in Short Blades
    71 | D:1      | Reached XP level 2. HP: 8/13 MP: 4/6
    75 | D:1      | Learned a level 2 spell: Ensorcelled Hibernation
   372 | D:3      | You fall into a shaft and drop 1 floor!
   401 | D:4      | Gained mutation: You are resistant to electric shocks.
                  | (rElec) [potion of mutation]
   401 | D:4      | Gained mutation: Your flesh is heat resistant. (rF+)
                  | [potion of mutation]
   402 | D:4      | Slain by an orc

Levels and vault maps discovered:
D:1:      shiori_arrival_maze, layout_basic, serial_glass, glass_columns_b,
          glass_columns_b, minmay_strange_pillars, serial_bayou_crossing
D:2:      layout_basic
D:3:      layout_loops_ring, first_ration, uniq_robin
D:4:      gammafunk_steamed_eel, layout_loops_ring, minmay_overflow_temple_hex,
          nicolae_ossuary_entry_false_entrances, serial_shops, shop,
          nicolae_shop_trees, serial_park_tiny_2

Skill      XL: |  1 |
---------------+----+-----
Short Blades   | 1 |  1.0
Dodging        | |  1.5
Stealth        | |  3.9
Spellcasting   | |  2.4
Hexes          | |  3.4
Ice Magic      | |  0.8

Action                   || total
-------------------------++-------
Melee: Dagger            ||    34
       Bite              ||     7
 Cast: Corona            ||     5
       Ensorcelled Hiber ||     9
  Use: Scroll            ||     2
       Potion            ||     1
 Stab: Sleeping          ||     8
Armor: Robe              ||     5
Dodge: Dodged            ||    23

Table legend:
 A = Non-vault XP
 B = Vault XP
 C = Vault XP percentage of total XP
 D = Non-vault monster count
 E = Vault monster count
 F = Vault count percentage of total count
                 A         B        C        D         E       F
            +---------+---------+-------+---------+---------+-------
      Total |      32 |       0 |   0.0 |      16 |       0 |   0.0
            +---------+---------+-------+---------+---------+-------
        D:1 |      10 |       0 |   0.0 |       7 |       0 |   0.0
        D:2 |      18 |       0 |   0.0 |       7 |       0 |   0.0
        D:3 |       1 |       0 |   0.0 |       1 |       0 |   0.0
        D:4 |       3 |       0 |   0.0 |       1 |       0 |   0.0
            +---------+---------+-------+---------+---------+-------
